Unix NetHack Version 3.7.0-97 Work-in-progress - last build Feb 8 2024 15:05:57 (6d6cdf8371b60126770a3d7b88910941cb14a054,branch:master). Game began 2024-02-29 10:51:59, ended 2024-02-29 18:57:56. gargor, neutral male human Tourist -------- --- ---- --..||..| --.--- --..| ----...||..| |....-- |...-- ------......||.-| |-....| |....-- |..--.......||..--- --- -------- ----|.....| -------....| |...........---...---- --.---.--.|.--- --..--.....-- --.|.---.)).| ---.---......|---....|---...|.........-- |.......^...|------|.....|....<| --- --....-| |---.--................--- --.........--..--.--........---- --....----.|......................| ---.......)................| |.....--.........................----- |....|.--....(.........--- --.......................---.|......|.------.--------..........[.| |............---.|......-------..........----- |..........*[| |............| -----......................| --.....%..([..| --..>.......-| ----..................-- --..|.......--.| --..........| |..................---- --..---.....----- ---.---....----------...................|.------..-----..-------- ----------|.....................................@..%................| |.........----.-------------.....................Y......----------..| |..------.....................................----------- ---- ---- ------------------------.......--.--.-- --------------- Gargor the Excursionist St:25 Dx:13 Co:17 In:15 Wi:7 Ch:18 Neutral S:7669 Dlvl:9 $:259 HP:0(53) Pw:26(26) AC:3 Xp:8/1765 T:8116 Latest messages: The gnome wields a dagger! The dagger hits the housecat. The warhorse hits the gnome. The gnome is killed! The housecat picks up a dagger. The housecat eats a gnomish wizard corpse. A dagger misses you. The gnome wields 3 daggers! You miss the gnome. You kill the gnome! The giant spider bites! You hit the giant spider! The giant spider misses! You hit the giant spider! The warhorse picks up a partly used candle (lit). The giant spider bites! You miss the giant spider. The giant spider misses! You miss the giant spider. The warhorse drops a partly used candle (lit). The giant spider misses! You miss the giant spider. The giant spider bites! The giant spider bites! You hit the giant spider! The giant spider bites! You kill the giant spider! The warhorse drops a dwarvish cloak. You hear some noises in the distance. You stop. Your warhorse is in the way! You stop. Your warhorse can't move out of that trap. (Perhaps #untrap would help?) You swap places with your housecat. You see here a dagger. You see here a potion of healing. You see here a potion of healing. F - a potion of healing. The gnome lord strikes at your displaced image and misses you! You kill the gnome lord! You see here a statue of an owlbear. The statue comes to life! The owlbear strikes at your displaced image and misses you! The owlbear hits! The owlbear hits again! You hit the owlbear! The owlbear hits! The owlbear hits again! You die... Do you want your possessions identified? [ynq] (y) y Do you want to see your attributes? [ynq] (y) q Inventory: Coins $ - 259 gold pieces Weapons f - a +0 boomerang a - 8 +2 darts (at the ready) z - a +2 dart C - a cursed -5 dart X - 5 +0 daggers I - a +0 elven dagger (weapon in right hand) Armor o - a blessed rusty +1 orcish helm K - an uncursed very rusty +0 pair of gauntlets of power (being worn) g - an uncursed +0 cloak of displacement (being worn) k - an uncursed +0 Hawaiian shirt with a giant eel motif (being worn) j - an uncursed +0 dwarvish mithril-coat (being worn) Comestibles w - an uncursed clove of garlic b - an uncursed food ration d - an uncursed tripe ration Scrolls u - an uncursed scroll of amnesia D - an uncursed scroll of magic mapping Potions F - an uncursed potion of healing q - an uncursed potion of water Wands N - a wand of light (0:14) J - a wand of magic missile (0:3) Tools i - an uncursed bag of holding containing 41 items P - an empty uncursed sack s - a horn of plenty (0:17) B - a magic marker (0:72) M - an uncursed magic whistle t - a cursed oil lamp R - an uncursed skeleton key L - an uncursed stethoscope E - an uncursed towel Contents of the bag of holding: an uncursed +0 dwarvish iron helm an uncursed +0 pair of iron shoes an uncursed +0 pair of iron shoes a cursed -1 pair of iron shoes an uncursed +0 pair of jumping boots an uncursed rusty +0 pair of kicking boots an uncursed +1 pair of low boots an uncursed +0 pair of water walking boots an uncursed +1 cloak of invisibility an uncursed +0 dwarvish cloak 2 uncursed slime molds 2 uncursed fortune cookies 3 uncursed tins of spinach 2 cursed scrolls of amnesia a blessed scroll of blank paper 2 uncursed scrolls of blank paper a blessed scroll of confuse monster an uncursed scroll of destroy armor 2 uncursed scrolls of enchant armor an uncursed scroll of food detection 2 uncursed scrolls of identify 2 cursed scrolls of identify an uncursed scroll of light an uncursed scroll of punishment an uncursed scroll of teleportation an uncursed spellbook of detect food an uncursed spellbook of detect treasure a blessed potion of blindness an uncursed potion of confusion a blessed potion of full healing an uncursed potion of gain energy an uncursed potion of levitation an uncursed potion of object detection an uncursed potion of paralysis an uncursed potion of sleeping an uncursed ring of conflict an uncursed credit card an expensive camera (0:42) an uncursed leash an uncursed lock pick a +0 pick-axe Gargor the Tourist's attributes: Background: You were an Excursionist, a level 8 male human Tourist. You were neutral, on a mission for The Lady who was opposed by Blind Io (lawful) and Offler (chaotic). You were right-handed. You were in the Gnomish Mines, on level 9. You entered the dungeon 8116 turns ago. You had 1765 experience points, 795 more were needed to attain level 9. Your score was 7669 before end-of-game adjustments. Basics: You had 0 out of 53 hit points. You had all 26 energy points (spell power). Your armor class was 3. Your wallet contained 259 zorkmids. Autopickup was off. Final Characteristics: Your strength was 25 (base:12, peak:13, innate limit:18/100). Your dexterity was 13 (limit:18). Your constitution was 17 (limit:18). Your intelligence was 15 (limit:18). Your wisdom was 7 (limit:18). Your charisma was 18 (limit:18). Final Status: You weren't hungry. You were unencumbered. You were wielding a dagger. You were unskilled in dagger and could have enhanced that. Final Attributes: You were piously aligned. You were telepathic. You were displaced. You were guarded. You are dead. Miscellaneous: You never encountered a bones level. Total elapsed playing time was 1 hour, 56 minutes and 18 seconds. Major events: Turn 1: gargor the neutral male human Tourist entered the dungeon 1323: attained the rank of Sightseer (level 3) 2573: entered the Gnomish Mines 4104: attained the rank of Excursionist (level 6) 6196: entered Sokoban 7359: reached Mine Town 8116: killed by an owlbear Vanquished creatures: a large mimic a giant zombie 4 small mimics a python 2 watchmen a lynx a panther an iron piercer 2 giant spiders 2 scorpions a black light a vampire bat an owlbear a yeti 3 lizards a housecat a jaguar 2 dwarf leaders a dust vortex a raven a plains centaur a snake a rope golem 2 Woodland-elves a wood nymph a rock piercer a yellow light a violet fungus 8 gnome leaders 4 gnomish wizards a kobold mummy 3 gray oozes an elf zombie a paper golem 3 floating eyes 14 dwarves 2 homunculi a kobold leader 18 hill orcs 3 rothes a centipede 3 dwarf zombies 2 werejackals 4 iguanas an acid blob a gas spore a hobbit a hobgoblin a giant rat a yellow mold a green mold a red mold 42 gnomes 4 garter snakes 2 gnome zombies a gecko 2 jackals 2 kobolds 5 goblins 2 grid bugs 2 bats 3 lichens 4 kobold zombies 2 newts 186 creatures vanquished. No species were genocided or became extinct. Voluntary challenges: You read items or engraved 6 times. You never engraved Elbereth. You never genocided any monsters. You never polymorphed an object. You never changed form. You used no wishes. You did not violate any of the special Sokoban rules. Achievements: You entered a shop. You attained the rank of Sightseer. You entered the Gnomish Mines. You attained the rank of Excursionist. You entered Sokoban. You entered Minetown. You entered a temple. The Dungeons of Doom: levels 1 to 10 Level 1: Level 2: An altar. Level 3: A fountain. Level 4: A fountain, a sink. Stairs down to The Gnomish Mines. Level 5: A fountain. Level 6: A fountain, a grave. Level 7: Level 8: Some fountains, a sink. Stairs up to Sokoban, level 7. Level 9: Level 10: A grave. The Gnomish Mines: levels 5 to 9 Level 5: Level 6: Level 7: Level 8: A shop, a temple and an altar, many fountains. Level 9: <- You were here. Final resting place for you, killed by an owlbear. Sokoban: Level 7: Unsolved. Game over: ---------- / \ / REST \ / IN \ / PEACE \ / \ | gargor | | 259 Au | | killed by an | | owlbear | | | | | | 2024 | *| * * * | * _________)/\\_//(\/(/\)/\//\/|_)_______ Aloha gargor the Tourist... You died in The Gnomish Mines on dungeon level 9 with 7658 points, and 259 pieces of gold, after 8116 moves. You were level 8 with a maximum of 53 hit points when you died.